Map: [ESL] Oceanborn

Players

ByuN

  • Race: Terran Terran
  • Spawn Location: 5:00

GuMiho - Winner!

  • Race: Terran Terran
  • Spawn Location: 11:00

Event: IEM Katowice 2024

VOD

Have the link to the VOD?

Description

Time

  • Played on: Feb. 10, 2024, 2 p.m.
  • Length: 6:52

All games in this series

Show
View Real Time Build Order
Export as new Build Order

ByuN Terran 

Build Orders: Cyclone Opening 

Get SALT Encoding   

  12  0:00  SCV  
  13  0:12  SCV  
  14  0:17  Supply Depot  
  14  0:24  SCV  
  15  0:38  SCV  
  15  0:39  Barracks  
  16  0:43  Refinery  
  16  0:56  Barracks  
  16  0:59  SCV  
  17  1:09  Refinery  
  17  1:11  SCV  
  18  1:26  Reaper  
  18  1:28  Orbital Command  
  19  1:42  Reaper  
  20  1:49  Supply Depot  
  20  1:53  SCV  
  21  1:58  Reaper  
  22  2:06  SCV  
  23  2:10  Factory  
  23  2:16  Reaper  
  23  2:18  SCV  
  25  2:30  SCV  
  25  2:33  Reaper  
  27  2:50  SCV  
  27  2:51  Reaper  
  28  2:52  Command Center  
  28  2:56  Cyclone  
  30  3:07  SCV  
  30  3:09  Supply Depot  
  29  3:19  SCV  
  30  3:25  Starport  
  30  3:30  Cyclone  
  30  3:33  SCV  
  33  3:40  Barracks Reactor  
  33  3:45  SCV  
  34  3:49  Refinery  
  34  3:57  SCV  
  34  4:01  Medivac  
  37  4:05  Factory Tech Lab  
  37  4:07  Orbital Command  
  37  4:09  SCV  
  38  4:21  SCV  
  41  4:28  Siege Tank  
  41  4:29  Command Center  
  42  4:33  SCV  
  42  4:34  SCV  
  42  4:36  Barracks Tech Lab  
  44  4:39  Marine  
  44  4:40  Marine  
  46  4:46  SCV  
  46  4:47  SCV  
  46  4:48  Supply Depot  
  47  4:56  Marine  
  47  4:57  Marine  
  47  4:58  Stimpack, SCV  
  47  4:59  SCV  
  51  5:00  Starport Reactor  
  51  5:05  Siege Tank  
  54  5:10  SCV  
  54  5:11  SCV  
  56  5:18  Supply Depot  
  56  5:22  SCV  
  56  5:23  SCV  
  56  5:27  Supply Depot  
  61  5:34  SCV  
  62  5:37  SCV  
  62  5:39  Engineering Bay  
  62  5:42  Engineering Bay  
  60  5:46  SCV  
  62  5:50  SCV  
  62  5:52  Siege Tank  
  65  5:57  Orbital Command  
  65  5:58  SCV  
  65  6:00  Barracks  
  65  6:03  Starport Reactor, SCV  
  67  6:06  Marine  
  67  6:07  Marine x2  
  67  6:10  SCV  
  71  6:15  SCV  
  71  6:16  Barracks  
  71  6:17  Barracks  
  72  6:24  SCV  
  72  6:27  SCV  
  72  6:28  Marine  
  72  6:31  Marine  
  52  6:37  SCV  
  52  6:39  SCV  
Show
View Real Time Build Order
Export as new Build Order

GuMiho Terran - Winner!

Build Orders: Cyclone Opening 

Get SALT Encoding   

  12  0:00  SCV  
  13  0:12  SCV  
  14  0:17  Supply Depot  
  14  0:24  SCV  
  14  0:27  Refinery  
  15  0:38  SCV  
  16  0:44  Barracks  
  16  0:50  SCV  
  17  1:02  SCV  
  18  1:14  SCV  
  19  1:30  Orbital Command, Marine  
  19  1:31  Factory  
  20  1:37  Supply Depot  
  20  1:48  Reaper  
  21  1:55  SCV  
  22  2:06  Command Center  
  22  2:09  SCV  
  22  2:15  Hellion  
  25  2:18  Refinery  
  25  2:21  SCV  
  26  2:26  Barracks Reactor  
  24  2:33  SCV  
  24  2:36  Cyclone  
  26  2:46  SCV  
  27  2:58  SCV  
  28  2:59  Starport  
  26  3:05  Marine  
  26  3:06  Marine  
  26  3:12  Cyclone  
  29  3:14  SCV  
  29  3:16  Supply Depot  
  30  3:26  SCV  
  31  3:38  Medivac, Marine x2, SCV  
  36  3:47  Factory Tech Lab  
  36  3:50  SCV  
  37  3:56  Marine x2  
  39  4:05  SCV  
  39  4:06  Siege Tank  
  43  4:10  Orbital Command  
  43  4:17  Viking  
  43  4:18  Marine  
  43  4:19  Marine  
  43  4:23  SCV  
  46  4:32  Supply Depot  
  46  4:35  SCV x2  
  48  4:39  Siege Tank  
  48  4:40  Marine  
  48  4:43  Marine  
  53  4:54  SCV  
  53  4:55  SCV  
  53  4:57  Supply Depot  
  53  4:58  Marine  
  56  5:01  Marine  
  56  5:04  Liberator  
  56  5:07  SCV x2  
  62  5:09  Supply Depot  
  62  5:19  Marine x2  
  62  5:21  SCV x2  
  66  5:24  Supply Depot  
  66  5:26  Siege Tank  
  69  5:33  SCV x2  
  71  5:37  Marine x2  
  73  5:45  SCV x2  
  73  5:49  Starport Tech Lab  
  75  5:54  Marine  
  75  5:55  Marine  
  77  5:57  SCV x2  
  77  5:59  Siege Tank  
  77  6:03  Command Center  
  82  6:06  Supply Depot  
  82  6:15  Marine x2  
  82  6:16  SCV  
  82  6:17  SCV  
  86  6:29  SCV x2  

Tags
 
Add a new tag
Caveats
  • Supply blocks, unpowered buildings, or Contaminate may cause inaccurate times.
  • Supply counts are checked every 10 seconds.